 Dungeon Crawl Stone Soup version 0.25.1-9-gc5326a611f (webtiles) character file.

Game seed: 10872707375181371312

53842 Thomus the Executioner (level 14, 0/122 (126) HPs)
             Began as a Hill Orc Fighter on Mar 24, 2024.
             Was the Champion of Okawaru.
             Slain by AlexTheUnready's ghost (15 damage)
             ... on level 1 of the Orcish Mines on Mar 30, 2024.
             The game lasted 00:50:55 (23989 turns).

Thomus the Executioner (Hill Orc Fighter)          Turns: 23989, Time: 00:50:56

HP:   0/122 (126)   AC: 24    Str: 26    XL:     14   Next: 70%
MP:   24/24         EV:  8    Int: 11    God:    Okawaru [******]
Gold: 1971          SH: 14    Dex: 18    Spells: 13/13 levels left

rFire    . . .     SeeInvis +   b - +4 broad axe
rCold    . . .     Gourm    .   c - +0 kite shield
rNeg     . . .     Faith    .   i - +2 plate armour {rPois}
rPois    +         Spirit   .   E - +0 helmet {Int+3}
rElec    +         Reflect  .   K - +0 cloak {rCorr}
rCorr    +         Harm     .   Q - +0 pair of gloves
MR       ++...                  h - +2 pair of boots {Fly}
Stlth    ..........             G - amulet "Virydd" {RegenMP rElec MP+9 SInv Stlth+}
HPRegen  0.30/turn              W - +6 ring of strength
MPRegen  0.44/turn              w - ring "Ziotylor" {MR+ rCorr Dex+4}

@: mighty, flying
A: no striking features
a: Heroism, Finesse, Renounce Religion, Stop Flying


You were on level 1 of the Orcish Mines.
You worshipped Okawaru.
Okawaru was exalted by your worship.
You were not hungry.

You visited 4 branches of the dungeon, and saw 20 of its levels.
You also visited: Gauntlet.

You collected 2385 gold pieces.
You spent 414 gold pieces at shops.

Inventory:

Hand Weapons
 b - a +4 broad axe (weapon)
 m - a +4 broad axe
 p - a +0 broad axe
 B - a +0 broad axe
 C - a +2 vorpal executioner's axe
 F - a +0 broad axe
 M - a +0 broad axe
Missiles
 k - 9 curare-tipped darts
 t - 29 poisoned darts
 u - 15 boomerangs
 z - 3 javelins
 A - 20 silver javelins (quivered)
 T - 5 silver boomerangs
Armour
 a - a +3 plate armour of magic resistance
 c - a +0 kite shield (worn)
 h - a +2 pair of boots of flying (worn)
 i - a +2 plate armour of poison resistance (worn)
 E - a +0 helmet of intelligence (worn)
 K - a +0 cloak of preservation (worn)
 Q - a +0 pair of gloves (worn)
Jewellery
 w - the ring "Ziotylor" (right hand) {MR+ rCorr Dex+4}
   (You bought it in a shop on level 1 of the Orcish Mines)

   [ring of resist corrosion]

   It affects your dexterity (+4).
   It affects your resistance to hostile enchantments.
   It provides partial protection from all sources of acid and corrosion.
 G - the amulet "Virydd" (around neck) {RegenMP rElec MP+9 SInv Stlth+}
   (You found it on level 6 of the Dungeon)

   [amulet of magic regeneration]

   It increases your magic regeneration.
   It insulates you from electricity.
   It affects your magic capacity (+9).
   It lets you see invisible.
   It makes you more stealthy.
 N - an uncursed ring of protection from fire
 W - a +6 ring of strength (left hand)
Wands
 n - a wand of clouds (1)
 v - a wand of paralysis (6)
 X - a wand of digging (8)
Scrolls
 e - 3 scrolls of magic mapping
 g - a scroll of silence
 q - 11 scrolls of teleportation
 r - a scroll of blinking
 y - 6 scrolls of remove curse
 D - 2 scrolls of fear
 H - 3 scrolls of immolation
 J - 4 scrolls of fog
 S - 4 scrolls of identify
Potions
 d - 2 potions of might
 j - 2 potions of invisibility {unknown}
 l - 2 potions of heal wounds {unknown}
 o - 4 potions of ambrosia
 s - a potion of magic {unknown}
 x - 4 potions of lignification
 I - a potion of mutation {unknown}
 L - 3 potions of cancellation {unknown}
 O - 3 potions of haste {unknown}
 P - 3 potions of resistance {unknown}
 Y - 2 potions of curing
Comestibles
 f - 32 rations
 R - 4 chunks of flesh


   Skills:
 + Level 12.3 Fighting
 * Level 21.4 Axes
 + Level 2.5 Throwing
 + Level 10.5 Armour
 + Level 2.2 Dodging
 + Level 11.8 Shields
 + Level 2.0 Invocations


You had 13 spell levels left.
You didn't know any spells.
Your spell library contained the following spells:

 Spells                   Type           Power        Failure   Level  Hunger
 Animate Skeleton         Necr           N/A          99%         1    ##.....
 Apportation              Tloc           #.....       99%         1    ##.....
 Beastly Appendage        Tmut           #.....       99%         1    ##.....
 Corona                   Hex            #......      99%         1    ##.....
 Pain                     Necr           #...         99%         1    ##.....
 Sting                    Tmut/Pois      #...         99%         1    ##.....
 Summon Butterflies       Summ           #.......     99%         1    ##.....
 Summon Small Mammal      Summ           #...         99%         1    ##.....
 Ensorcelled Hibernation  Hex/Ice        #.....       100%        2    ###....
 Sticks to Snakes         Tmut           #.......     100%        2    ###....
 Call Canine Familiar     Summ           #.......     100%        3    ####...
 Confusing Touch          Hex            #.......     100%        3    ####...
 Dazzling Flash           Conj/Hex       #.....       100%        3    ####...
 Spider Form              Tmut/Pois      #.........   100%        3    ####...
 Tukima's Dance           Hex            #.......     100%        3    ####...
 Vampiric Draining        Necr           #.........   100%        3    ####...
 Animate Dead             Necr           N/A          100%        4    #####..
 Ice Form                 Ice/Tmut       #.......     100%        4    #####..
 Summon Ice Beast         Ice/Summ       #.......     100%        4    #####..
 Agony                    Necr           #.......     100%        5    ######.
 Blade Hands              Tmut           #.........   100%        5    ######.
 Bolt of Magma            Conj/Fire/Erth #.........   100%        5    ######.
 Iskenderun's Battlesphe  Conj/Chrm      #.......     100%        5    ######.
 Summon Mana Viper        Hex/Summ       #.......     100%        5    ######.
 Yara's Violent Unravell  Hex/Tmut       #.........   100%        5    ######.
 Iron Shot                Conj/Erth      #.........   100%        6    #######
 Statue Form              Tmut/Erth      #........    100%        6    #######
 Orb of Destruction       Conj           #.........   100%        7    #######
 Spellforged Servitor     Conj/Summ      #.........   100%        7    #######
 Summon Hydra             Summ           #.........   100%        7    #######


Dungeon Overview and Level Annotations

Branches:
Dungeon (12/15)            Temple (1/1) D:6            Lair (5/6) D:9
  Swamp (0/4) Lair:2        Snake (0/4) Lair:3        Slime (0/5) Lair:5
    Orc (2/2) D:12            Elf (0/3) Orc:2       Gauntlet (visited)

Altars:
Ashenzari
Cheibriados
Dithmenos
Elyvilon
Fedhas
Gozag
Hepliaklqana
Kikubaaqudgha
Makhleb
Nemelex Xobeh
Okawaru
Qazlal
Ru
Sif Muna
Trog
Uskayaw
Vehumet
Wu Jian
Xom
Yredelemnul
Zin
The Shining One

Shops:
D:6 *   D:11 *   Orc:1 %*   Orc:2 ([?[(

Annotations:
D:3 2 transporters, Thomus's ghost, amateur HOFi
D:4 1 runed translucent door, AlexTheUnready's ghost, amateur HuIE
D:6 1 runed translucent door, Thomus's ghost, novice DECj
D:8 1 runed translucent door, Thomus's ghost, novice HOFi
Orc:1 AlexTheUnready's ghost, journeyman MiGl; AlexTheUnready's ghost, journeyman NaVM; AlexTheUnready's ghost, journeyman OpIE


Message History

Okawaru accepts your kill.
Your Invocations skill increases to level 2!
You completely miss AlexTheUnready's ghost.
You slash AlexTheUnready's ghost!
Your shield and plate armour prevent you from hitting AlexTheUnready's ghost.
AlexTheUnready's ghost hits you. AlexTheUnready's ghost freezes you.
AlexTheUnready's ghost hits you!!
* * * LOW HITPOINT WARNING * * *
You block AlexTheUnready's ghost's attack.
You slash AlexTheUnready's ghost!
AlexTheUnready's ghost is almost destroyed.
You completely miss AlexTheUnready's ghost. x2
You feel sick.
AlexTheUnready's ghost casts a spell.
AlexTheUnready's ghost ignites the poison in its surroundings!
The poison in your system burns!
* * * LOW HITPOINT WARNING * * *
You are no longer poisoned.
AlexTheUnready's ghost hits you!
You die...

.....).#...## ##.##
)....#......###|♣⌠♣}## #...#
...........###8.....8## ##.##
..........###:.......:# #...##
........#.###)........######....#
.......#...##8.......8##..#.#..##
..........###(.......}#........#
......>#.#..####'§'#####.......##
......#........W@W.........)....#
...............W.........).....##
#.........#..............)))#.##
........###..................###
.........###.#..............##.##
.........# ##...................#
.........###....###............##
.###.#....##..### ##.....#.#.###
###......##...# #.....######


You could see 3 AlexTheUnready's ghosts.

Vanquished Creatures
  Jorgrun (Orc:1)
  A minotaur (Gauntlet)
  Snorg (D:10)
  A great orb of eyes (Gauntlet)
  A catoblepas (Lair:2)
  A two-headed ogre (D:12)
  A centaur warrior (Orc:2)
  A death knight (D:12)
  3 death yaks (Lair:5)
  A soul eater (Gauntlet)
  Sonja (Orc:1)
  A sixfirhy (Gauntlet)
  An unseen horror (D:12)
  A skeletal warrior (D:12)
  The ghost of Sapher the Frost Mage, a novice CeIE of Cheibriados (Orc:1)
  A lindwurm (Lair:2)
  Pikel (D:6)
  4 orc knights
  3 oklob plants (Lair:1)
  A manticore (D:12)
  An orc sorcerer (Orc:1)
  A cyclops (D:12)
  2 ugly things (Gauntlet)
  A centaur zombie (D:12)
  An elephant (D:9)
  A black mamba (Lair:1)
  10 spiny frogs
  Maggie (D:6)
  3 rime drakes
  3 gargoyles
  A kobold demonologist (Orc:1)
  6 komodo dragons
  2 freezing wraiths (D:12)
  A queen bee (Lair:3)
  4 trolls
  A hornet (D:9)
  7 hippogriffs
  8 dream sheep
  4 blink frogs (Lair:3)
  2 bog bodies (Lair:2)
  16 yaks
  A spriggan (D:8)
  A steam dragon (Lair:3)
  8 wyverns
  8 basilisks
  2 hungry ghosts (D:10)
  A warg (Orc:1)
  Edmund (D:6)
  Menkaure (D:7)
  13 water moccasins
  4 black bears
  5 porcupines
  2 phantoms
  5 sky beasts
  A hornet zombie (D:12)
  4 ice beasts
  6 necrophages
  36 orc warriors
  2 wolves (Lair:3)
  22 centaurs
  13 ogres
  10 crocodiles
  16 big kobolds
  16 bullfrogs
  4 gnoll sergeants
  A wyvern skeleton (D:6)
  3 scorpions
  32 killer bees
  3 wights (D:6)
  An electric eel (Lair:2)
  2 howler monkeys
  2 quasits
  10 crimson imps
  3 bullfrog zombies
  4 hounds
  5 jellies
  20 orc wizards
  12 orc priests
  Crazy Yiuf (D:6)
  2 centaur skeletons
  Jessica (D:3)
  3 iguanas
  A hell rat (Lair:3)
  4 worker ants
  A hound skeleton (D:9)
  A worker ant zombie (D:6)
  A howler monkey zombie (D:11)
  8 gnolls
  A howler monkey skeleton (D:8)
  15 adders
  6 shadow imps
  A white imp (D:11)
  3 ufetubi (Gauntlet)
  An adder skeleton (D:7)
  An adder zombie (D:6)
  2 worms
  4 dart slugs
  3 leopard geckos
  79 orcs
  10 giant cockroaches
  8 goblins
  9 hobgoblins
  3 jackals (D:2)
  4 quokkas
  5 bats
  6 frilled lizards
  22 kobolds
  A leopard gecko skeleton (D:6)
  A quokka skeleton (D:8)
  5 rats
  A bush (D:6)
  A fungus (Lair:3)
  2 plants
  A toadstool (Lair:2)
601 creatures vanquished.

Vanquished Creatures (others)
  An orc (Orc:1)
  17 demonic plants (Gauntlet)
  6 plants
  9 toadstools (Lair:2)
33 creatures vanquished.

Grand Total: 634 creatures vanquished

Notes
Turn   | Place    | Note
-------+----------+-------------------------------------------
     0 | D:1      | Thomus the Hill Orc Fighter began the quest for the Orb.
     0 | D:1      | Reached XP level 1. HP: 19/19 MP: 1/1
   130 | D:1      | Reached skill level 3 in Axes
   130 | D:1      | Reached XP level 2. HP: 20/27 MP: 2/2
   833 | D:2      | Reached XP level 3. HP: 31/33 MP: 3/3
   948 | D:2      | Reached skill level 4 in Axes
  1225 | D:2      | Reached XP level 4. HP: 38/40 MP: 4/4
  1633 | D:3      | Reached skill level 5 in Axes
  1822 | D:3      | Noticed Jessica
  1830 | D:3      | Killed Jessica
  1830 | D:3      | Reached XP level 5. HP: 45/46 MP: 5/5
  2129 | D:3      | Found a transporter.
  2130 | D:3      | Noticed Thomus's ghost (amateur HOFi)
  2131 | D:3      | Noticed an ogre
  2132 | D:3      | Noticed an ogre
  2133 | D:3      | Found a transporter.
  2133 | D:3      | Noticed an ogre
  3242 | D:4      | Reached skill level 6 in Axes
  3470 | D:4      | Noticed a phantom
  3494 | D:4      | Reached skill level 1 in Throwing
  3494 | D:4      | Reached XP level 6. HP: 35/52 MP: 6/6
  3508 | D:4      | Found a runed translucent door.
  3529 | D:4      | Killed a phantom
  3534 | D:4      | Noticed AlexTheUnready's ghost (amateur HuIE)
  3900 | D:4      | Found an iron altar of Okawaru.
  3900 | D:4      | Found a shadowy altar of Dithmenos.
  3906 | D:4      | Became a worshipper of Warmaster Okawaru
  3996 | D:5      | Entered Level 5 of the Dungeon
  4081 | D:5      | Noticed a phantom
  4097 | D:5      | Killed a phantom
  4097 | D:5      | Reached skill level 7 in Axes
  4097 | D:5      | Reached XP level 7. HP: 50/60 MP: 7/7
  4387 | D:5      | Reached * piety under Okawaru
  4570 | D:5      | Reached skill level 8 in Axes
  4570 | D:5      | Reached skill level 1 in Dodging
  4829 | D:5      | Reached skill level 5 in Fighting
  4829 | D:5      | Reached XP level 8. HP: 68/68 MP: 8/8
  4983 | D:5      | Reached skill level 9 in Axes
  4983 | D:5      | Reached skill level 5 in Shields
  5158 | D:6      | Reached ** piety under Okawaru
  5193 | D:6      | Reached skill level 10 in Axes
  5209 | D:6      | Got a shimmering bone amulet
  5210 | D:6      | Identified the amulet "Virydd" {RegenMP rElec MP+9 SInv
                  | Stlth+} (You found it on level 6 of the Dungeon)
  5289 | D:6      | Found Caovel's Assorted Antiques.
  5486 | D:6      | Reached skill level 5 in Armour
  5570 | D:6      | Bought a scroll labeled ISEM QAVACVISS for 30 gold pieces
  5570 | D:6      | Bought a twisted golden amulet for 150 gold pieces
  5570 | D:6      | Bought a scroll labeled HOAFUE HUHORIPS for 30 gold pieces
  5570 | D:6      | Bought a scroll labeled QILAED JYDD for 30 gold pieces
  5690 | D:6      | Found a runed translucent door.
  5690 | D:6      | Noticed Thomus's ghost (novice DECj)
  5691 | D:6      | Noticed Maggie
  5699 | D:6      | Reached XP level 9. HP: 42/74 MP: 9/9
  5701 | D:6      | Reached skill level 11 in Axes
  5702 | D:6      | Killed Maggie
  5702 | D:6      | Reached *** piety under Okawaru
  5864 | D:6      | Noticed Edmund
  5876 | D:6      | Killed Edmund
  5904 | D:6      | Noticed Pikel
  5913 | D:6      | Killed Pikel
  5913 | D:6      | Reached **** piety under Okawaru
  5913 | D:6      | Reached skill level 12 in Axes
  5960 | D:6      | Found a staircase to the Ecumenical Temple.
  5971 | Temple   | Entered the Ecumenical Temple
  6222 | D:6      | Found a runed translucent door.
  6223 | D:6      | Noticed Crazy Yiuf
  6235 | D:6      | Killed Crazy Yiuf
  6330 | D:6      | Found a shattered altar of Ashenzari.
  6332 | D:6      | Found an opulent altar of Gozag.
  6358 | D:6      | Got a dazzling plate armour
  6369 | D:6      | Identified the cursed +1 plate armour "Wamaloih" {Str+4}
                  | (You found it on level 6 of the Dungeon)
  6403 | D:6      | Found a blossoming altar of Fedhas.
  6504 | D:6      | Found a radiant altar of Vehumet.
  6504 | D:6      | Found a burning altar of Makhleb.
  6779 | D:6      | Reached skill level 13 in Axes
  6991 | D:7      | Reached XP level 10. HP: 81/82 MP: 10/10
  7438 | D:7      | Reached skill level 14 in Axes
  7470 | D:7      | Noticed Menkaure
  7481 | D:7      | Killed Menkaure
  8150 | D:8      | Reached ***** piety under Okawaru
  8433 | D:8      | Found a runed translucent door.
  8434 | D:8      | Noticed Thomus's ghost (novice HOFi)
  8836 | D:9      | Noticed an elephant
  8855 | D:9      | Killed an elephant
  8855 | D:9      | Reached skill level 15 in Axes
  8870 | D:9      | Found a staircase to the Lair.
  9205 | D:9      | Reached XP level 11. HP: 75/89 MP: 11/11
  9395 | D:9      | Reached skill level 16 in Axes
  9559 | D:10     | Entered Level 10 of the Dungeon
  9999 | D:10     | Noticed Snorg
 10020 | D:10     | Killed Snorg
 10020 | D:10     | Received a gift from Okawaru
 10023 | D:10     | Got an ebony hand axe {god gift}
 10024 | D:10     | Identified the +4 hand axe of Floods {freeze, *Corrode
                  | Int+5 Dex+4} (Okawaru gifted it to you on level 10 of the
                  | Dungeon)
 10735 | D:11     | Found Couthruf's Assorted Antiques.
 10757 | D:11     | Reached skill level 17 in Axes
 10972 | D:11     | Received a gift from Okawaru
 11770 | D:12     | Found a gate leading to a gauntlet.
 11776 | Gauntlet | Entered a Gauntlet
 11776 | Gauntlet | Found a transporter.
 11776 | Gauntlet | Found a transporter.
 11919 | Gauntlet | Found a transporter.
 11919 | Gauntlet | Found a transporter.
 11927 | Gauntlet | Noticed a queen ant
 11928 | Gauntlet | Found a transporter.
 11932 | Gauntlet | Found a large runed translucent door.
 11940 | Gauntlet | Noticed a death scarab
 11942 | Gauntlet | Noticed a soul eater
 11943 | Gauntlet | Found a transporter.
 11949 | Gauntlet | Noticed a brown ugly thing
 11950 | Gauntlet | Noticed a great orb of eyes
 11950 | Gauntlet | Noticed a purple ugly thing
 11951 | Gauntlet | Found a transporter.
 11951 | Gauntlet | Found a transporter.
 11954 | Gauntlet | Found a transporter.
 11977 | Gauntlet | Found a transporter.
 11984 | Gauntlet | Found a transporter.
 12001 | Gauntlet | Noticed a sixfirhy
 12002 | Gauntlet | Found a transporter.
 12047 | Gauntlet | Found a transporter.
 12068 | Gauntlet | Found a transporter.
 12070 | Gauntlet | Noticed a death scarab
 12164 | Gauntlet | Found a transporter.
 12166 | Gauntlet | Found a large runed translucent door.
 12166 | Gauntlet | Found a large runed translucent door.
 12167 | Gauntlet | Found a large runed translucent door.
 12167 | Gauntlet | Found a large runed translucent door.
 12168 | Gauntlet | Found a runed translucent door.
 12168 | Gauntlet | Found a large runed translucent door.
 12168 | Gauntlet | Found a runed translucent door.
 12168 | Gauntlet | Found a large runed translucent door.
 12168 | Gauntlet | Found a large runed translucent door.
 12169 | Gauntlet | Found a large runed translucent door.
 12169 | Gauntlet | Found a large runed translucent door.
 12172 | Gauntlet | Found a large runed translucent door.
 12172 | Gauntlet | Found a large runed translucent door.
 12175 | Gauntlet | Found a large runed translucent door.
 12175 | Gauntlet | Found a large runed translucent door.
 12176 | Gauntlet | Found a runed translucent gate.
 12176 | Gauntlet | Found a runed translucent gate.
 12176 | Gauntlet | Found a runed translucent gate.
 12177 | Gauntlet | Noticed a fire crab
 12178 | Gauntlet | Found a transporter.
 12188 | Gauntlet | Found a large runed translucent door.
 12189 | Gauntlet | Found a large runed translucent door.
 12332 | Gauntlet | Killed a sixfirhy
 12375 | Gauntlet | Killed a soul eater
 12375 | Gauntlet | Reached XP level 12. HP: 21/99 MP: 12/12
 12691 | Gauntlet | Killed a great orb of eyes
 12691 | Gauntlet | Reached skill level 18 in Axes
 12869 | Gauntlet | Identified the +4 plate armour "Lahahid" {Dex+2}
 12869 | Gauntlet | Noticed a minotaur
 12885 | Gauntlet | Killed a minotaur
 12942 | Gauntlet | Identified the Catalogue of Transformation
 13253 | D:12     | Reached skill level 1 in Invocations
 13307 | D:12     | Noticed a two-headed ogre
 13317 | D:12     | Killed a two-headed ogre
 13680 | D:12     | Noticed a death knight
 13689 | D:12     | Killed a death knight
 13689 | D:12     | Received a gift from Okawaru
 14157 | D:12     | Found a staircase to the Orcish Mines.
 14178 | D:12     | Reached ****** piety under Okawaru
 14178 | D:12     | Reached skill level 19 in Axes
 14661 | Lair:1   | Entered Level 1 of the Lair of Beasts
 15111 | Lair:1   | Reached XP level 13. HP: 109/109 MP: 14/14
 15361 | Lair:1   | Reached skill level 10 in Fighting
 15788 | Lair:2   | Reached skill level 10 in Shields
 15995 | Lair:2   | Found a runed translucent door.
 16423 | Lair:2   | Found a staircase to the Swamp.
 16431 | Lair:2   | You are sucked into a shaft and drop 1 floor!
 16844 | Lair:3   | Received a gift from Okawaru
 16991 | Lair:3   | Found a staircase to the Snake Pit.
 17122 | Lair:3   | Reached skill level 20 in Axes
 18700 | Lair:4   | Received a gift from Okawaru
 19289 | Lair:5   | Reached skill level 10 in Armour
 19647 | Lair:5   | Reached XP level 14. HP: 120/120 MP: 15/15
 20203 | Lair:5   | Found a staircase to the Slime Pits.
 21139 | Orc:1    | Entered Level 1 of the Orcish Mines
 21179 | Orc:1    | Found Zeriw's Food Boutique.
 21393 | Orc:1    | Noticed Sonja
 21411 | Orc:1    | Killed Sonja
 21771 | Orc:2    | Entered Level 2 of the Orcish Mines
 21886 | Orc:2    | Found a staircase to the Elven Halls.
 21948 | Orc:2    | Reached skill level 21 in Axes
 22531 | Orc:2    | Found Fureoq's Weapon Boutique.
 22690 | Orc:2    | Received a gift from Okawaru
 22768 | Orc:2    | Found Fouw's Magic Scroll Shoppe.
 22768 | Orc:2    | Found Alereusmu's Armour Shop.
 22768 | Orc:2    | Found Dururr's Weapon Boutique.
 22851 | Orc:2    | Found Puqonlin's Antique Armour Emporium.
 22860 | Orc:2    | Bought a scroll of identify for 22 gold pieces
 22860 | Orc:2    | Bought a scroll of identify for 22 gold pieces
 23195 | Orc:1    | Found Vetamoc's Assorted Antiques.
 23200 | Orc:1    | Noticed Jorgrun
 23229 | Orc:1    | Killed Jorgrun
 23639 | Orc:1    | Bought a crude turquoise ring for 130 gold pieces
 23642 | Orc:1    | Identified the ring "Ziotylor" {MR+ rCorr Dex+4} (You
                  | bought it in a shop on level 1 of the Orcish Mines)
 23815 | Orc:1    | Found a runed translucent gate.
 23816 | Orc:1    | Found a runed translucent gate.
 23817 | Orc:1    | Found a runed translucent gate.
 23818 | Orc:1    | Noticed Sapher's ghost (novice CeIE)
 23818 | Orc:1    | Noticed AlexTheUnready's ghost (journeyman NaVM)
 23818 | Orc:1    | Noticed AlexTheUnready's ghost (journeyman OpIE)
 23818 | Orc:1    | Noticed AlexTheUnready's ghost (journeyman MiGl)
 23988 | Orc:1    | Killed Sapher's ghost
 23989 | Orc:1    | Slain by AlexTheUnready's ghost

Illustrated notes

Levels and vault maps discovered:
D:1:      dpeg_arrival_arbitrary_c, layout_basic
D:2:      cheibrodos_greedy_goblins, layout_basic, minmay_stone_trees_small
D:3:      layout_loops_ring, gammafunk_ghost_smash, first_ration, uniq_jessica
D:4:      layout_basic, gammafunk_temple_overflow_wave, ebering_ghost_sewer_d
D:5:      layout_loops_ring, corexii_hall_statues_s
D:6:      layout_cave_pools, grunt_temple_overflow_lords_of_destruction,
          fedhas_altar_decomposition, minitemple, minmay_temple_entry_slanted,
          ebering_ghost_inner_flame, serial_shops, shop,
          minmay_large_rounded_square, st_stairs_13, uniq_pikel,
          uniq_crazy_yiuf_cottage, uniq_maggie, uniq_edmund
D:7:      layout_loops_ring, uniq_menkaure
D:8:      layout_basic, gammafunk_ghost_grave, the_bakery
D:9:      layout_rooms, david_lair_generic
D:10:     layout_roguey, minmay_misc_feat_columns, uniq_snorg
D:11:     layout_gridville, serial_shops, shop, chequers_decorated_corner,
          minmay_fire_ice_demons
D:12:     layout_loops_ring, kennysheep_orc_monster_closet_entryway,
          gauntlet_entry_generic
Temple:   regret_index_temple_generic_petals
Lair:1:   layout_regular_city, st_stairs_8, minmay_lair_oklob_chamber
Lair:2:   gammafunk_lair_enchanted_lake, layout_hall_layers,
          skrybe_swamp_entry_bodies
Lair:3:   regret_index_tunnel_blossom, layout_gridlike, dummy_snake_entry
Lair:4:   layout_cave_pods
Lair:5:   layout_cave_pods, dpeg_slime_entry_corner, st_stairs_3,
          grunt_megastairs_1
Orc:1:    layout_caves, special_room [special_room_kobold], serial_shops,
          nicolae_shop_crystal, nicolae_shop_crystal, gammafunk_ghost_cemetery,
          uniq_sonja, uniq_jorgrun
Orc:2:    st_orc_rangers, layout_caves, serial_shops, shop_fountains

Skill      XL: |  1  2  3  4  5  6  7  8  9 10 11 12 13 14 |
---------------+-------------------------------------------+-----
Axes           | 3 4 5 6 7 8 10 13 15 17 19 20 21 | 21.4
Fighting       | 4 5 6 7 8 9 11 12 | 12.3
Shields        | 4 5 6 7 8 9 11 | 11.8
Throwing       | 1 2 |  2.5
Armour         | 4 5 6 7 8 10 | 10.5
Dodging        | 1 2 |  2.2
Invocations    | 1 2 |  2.0

Action                   |  1- 3 |  4- 6 |  7- 9 | 10-12 | 13-15 || total
-------------------------+-------+-------+-------+-------+-------++-------
Melee: War axe           |    90 |   183 |   190 |       |       ||   463
       Broad axe         |       |       |    81 |   661 |   700 ||  1442
Throw: Javelin           |       |    19 |     2 |       |    14 ||    35
       Dart              |       |    19 |    11 |       |     7 ||    37
Invok: Heroism           |       |       |     1 |     5 |     5 ||    11
Evoke: Wand              |       |       |       |       |     3 ||     3
  Use: Scroll            |       |       |    11 |     6 |     6 ||    23
       Potion            |       |       |     1 |     1 |     1 ||     3
 Stab: Confused          |       |       |       |       |     1 ||     1
  Eat: Chunk             |     1 |     7 |     9 |    18 |    30 ||    65
       Ration            |       |     1 |       |     2 |       ||     3
Armor: Scale mail        |    42 |    57 |    69 |       |       ||   168
       Plate armour      |       |       |    25 |   328 |   275 ||   628
       Chain mail        |       |       |     8 |       |       ||     8
Dodge: Dodged            |    35 |    53 |    71 |   149 |   122 ||   430
Block: Kite shield       |    47 |   104 |   135 |   371 |   377 ||  1034
